 Dungeon Crawl Stone Soup version 0.31-a0-614-gc85dc1c48c (webtiles) character file.

Game seed: 4841286288753997246

58553 CrazyBamboolord the Eclecticist (level 15, -8/106 HPs)
             Began as a Djinni Fire Elementalist on Aug 21, 2023.
             Was the Champion of Makhleb.
             Mangled by an orc warlord
             ... wielding a +1 dire flail
              (25 damage)
             ... on level 1 of the Orcish Mines on Aug 22, 2023.
             The game lasted 00:50:37 (16312 turns).

CrazyBamboolord the Eclecticist (DjFE)             Turns: 16312, Time: 00:50:38

Health: -8/106     AC: 12    Str:  7    XL:     15   Next: 30%
Gold:   1135       EV: 16    Int: 29    God:    Makhleb [******] SH:  0 Dex: 13

rFire   + + +        a - +7 battleaxe "Fobla" {drain, *Noise rN+ MP+9 Int+4}
rCold   x x .        (shield currently unavailable)
rNeg    + + .        I - +2 leather armour of Piru {Fly rPois rF+ rN+}
rPois   ∞            V - +0 helmet
rElec   .            n - +0 cloak
rCorr   .            x - +0 pair of gloves
SInv    .            (boots unavailable)
Will    +....        C - amulet of regeneration
Stlth   ++           O - ring of fire
HPRegen 1.17/turn    T - +4 ring of protection
MPRegen 0.00/turn

%: infuse magic (-9 HP)
@: flying
A: sickness immunity, fire resistance 2, cold vulnerability 1, float, innate
caster, HP casting, extra vitality 1
a: Renounce Religion, Minor Destruction, Lesser Servant of Makhleb, Major
Destruction, Greater Servant of Makhleb


You were on level 1 of the Orcish Mines.
You worshipped Makhleb.
Makhleb was exalted by your worship.
You visited 4 branches of the dungeon, and saw 19 of its levels.
You also visited: Sewer.

You collected 1472 gold pieces.
You spent 337 gold pieces at shops.

Inventory:

Hand Weapons
 a - the +7 battleaxe "Fobla" (weapon) {drain, *Noise rN+ MP+9 Int+4}
   (You found it on level 5 of the Lair of Beasts)

   Int+4:     It affects your intelligence (+4).
   rN+:       It protects you from negative energy.
   MP+9:      It affects your magic capacity (+9).
   *Noise:    It may make a loud noise when swung.
 b - the +7 mace of Yreiloq {flame, rElec SInv}
   (You found it on level 5 of the Lair of Beasts)

   rElec:     It insulates you from electricity.
   SInv:      It lets you see invisible.
 y - a +0 vampiric hand axe
 z - a +1 dagger of flaming
Missiles
 u - 5 throwing nets
Armour
 n - a +0 cloak (worn)
 x - a +0 pair of gloves (worn)
 D - +0 steam dragon scales
 G - an orb of light
 I - the +2 leather armour of Piru (worn) {Fly rPois rF+ rN+}
   (You found it on level 9 of the Dungeon)

   rF+:       It protects you from fire.
   rPois:     It protects you from poison rN+: It protects you from negative
   energy.
   Fly:       It grants you flight.
 V - a +0 helmet (worn)
Jewellery
 p - an amulet of reflection
 A - a ring of see invisible
 C - an amulet of regeneration (around neck)
 O - a ring of fire (left hand)
 T - a +4 ring of protection (right hand)
 Y - an amulet of the acrobat
Wands
 w - a wand of light (15)
 E - a wand of digging (11)
 M - a wand of paralysis (22)
 N - a wand of flame (33)
 R - a wand of iceblast (8)
Scrolls
 g - 3 scrolls of fog
 k - 3 scrolls of vulnerability
 o - 2 scrolls of brand weapon
 q - 7 scrolls of poison
 r - a scroll of amnesia {unknown}
 s - 2 scrolls of enchant weapon {unknown}
 t - 4 scrolls of torment
 B - 8 scrolls of teleportation
 F - a scroll of enchant armour {unknown}
 L - 3 scrolls of blinking
 S - a scroll of fear {unknown}
 U - 2 scrolls of immolation
 W - a scroll of butterflies
 X - 2 scrolls of identify
Potions
 c - 3 potions of attraction
 d - a potion of resistance {unknown}
 e - 2 potions of enlightenment {unknown}
 f - 4 potions of lignification
 h - 3 potions of degeneration
 i - 4 potions of brilliance
 j - 3 potions of invisibility
 l - 3 potions of might {unknown}
 m - 3 potions of heal wounds {unknown}
 v - 2 potions of cancellation {unknown}
 H - 4 potions of curing {unknown}
 J - 3 potions of berserk rage {unknown}
 K - 6 potions of ambrosia
 P - 3 potions of mutation {unknown}
 Q - 2 potions of haste {unknown}


   Skills:
 * Level 9.4 Fighting
 * Level 11.9 Dodging
 + Level 4.3 Stealth
 * Level 15.0 Spellcasting
 * Level 15.0 Conjurations
 * Level 15.0 Hexes
 * Level 15.0 Summonings
 * Level 15.0 Necromancy
 * Level 15.0 Translocations
 * Level 15.0 Transmutations
 * Level 15.0 Fire Magic
 * Level 15.0 Ice Magic
 * Level 15.0 Air Magic
 * Level 15.0 Earth Magic
 * Level 15.0 Poison Magic
 * Level 8.2 Invocations


You knew the following spells:

 Your Spells              Type           Power      Damage    Failure   Level
a - Foxfire               Conj/Fire      100%       2x1d9     0%          1
b - Scorch                Fire           100%       2d9       0%          2
c - Volatile Blastmotes   Fire/Tloc      100%       2d18      1%          3
d - Inner Flame           Hex/Fire       100%       N/A       1%          3
e - Flame Wave            Conj/Fire      100%       2d21      1%          4
f - Magic Dart            Conj           100%       1d8       0%          1
g - Wereblood             Tmut           83%        N/A       0%          2
h - Dazzling Flash        Conj/Hex       100%       N/A       1%          3
i - Passage of Golubria   Tloc           83%        N/A       1%          4
j - Iskenderun's Battles  Conj           83%        2d13      1%          5
k - Lee's Rapid Deconstr  Erth           41%        3d20*     1%          5
l - Dispersal             Tloc           41%        N/A       1%          6
Your spell library was empty.

Dungeon Overview and Level Annotations

Branches:
Dungeon (12/15)            Temple (1/1) D:4            Lair (5/5) D:9
  Swamp (0/4) Lair:2       Spider (0/4) Lair:2        Slime (0/5) Lair:5
    Orc (1/2) D:12          Sewer (visited)

Altars:
Ashenzari
Cheibriados
Dithmenos
Elyvilon
Fedhas
Gozag
Hepliaklqana
Makhleb
Nemelex Xobeh
Okawaru
Qazlal
Ru
Trog
Uskayaw
Wu Jian
Xom
Yredelemnul
Zin
The Shining One
Jiyva

Shops:
D:4 [   D:8 :   D:11 ?

Annotations:
D:7 3 runed translucent doors, niknal's ghost, novice TrWr
Orc:1 Maurice


Innate Abilities, Weirdness & Mutations

You are immune to sickness and miasma.
You are immune to poison.
Your flesh is very heat resistant. (rF++)
You are vulnerable to cold. (rC-)
You float through the air rather than walking.
You learn spells naturally, not from books.
Your magical power is your life essence.
You have superior vitality. (+4 MHP)


Message History

A rock wall.
The wall shatters!
The blast of rock fragments hits the orc warlord.
The orc warlord is severely wounded.
The blast of rock fragments hits the orc!!!
You kill the orc!
Makhleb accepts your kill.
You feel better.
The warg bites you but does no damage. x2
The hellwing swoops through the air toward you!
The hellwing hits you but does no damage. x2
The orc warlord hits you with a +1 dire flail!
Aiming: Lee's Rapid Deconstruction (mildly dangerous; 1% risk of failure)
Press: ? - help, Q - select action, (/) - cycle Dir - move target A rock wall.
The wall shatters!
The blast of rock fragments hits the orc warlord but does no damage.
The orc warlord is severely wounded.
The blast of rock fragments hits the red devil!!
You kill the red devil!
The red devil disappears in a puff of smoke!
The warg misses you.
The hellwing hits you but does no damage.
The hellwing hits you.
The orc warlord hits you with a +1 dire flail!
* * * LOW HITPOINT WARNING * * *
Aiming: Lee's Rapid Deconstruction (mildly dangerous; 1% risk of failure)
Press: ? - help, Q - select action, (/) - cycle Dir - move target A rock wall.
The wall shatters!
The blast of rock fragments hits the orc warlord.
The orc warlord is severely wounded.
* * * LOW HITPOINT WARNING * * *
The warg bites you!
* * * LOW HITPOINT WARNING * * *
The hellwing hits you but does no damage.
The hellwing closely misses you.
The orc sorcerer gestures wildly while chanting.
The orc warlord hits you with a +1 dire flail!!
You die...

##......... ..$...#...
##..........
##.#.#....... #..*..4..).
. ##### #.#o#..#)...
##.#.####### #..)..@)...
#.....##.#.#####h#.)#....
##.#.##.....##4@§))......
##.#.###.#..#...o##......
#...°.#......#.### #.....
##.#.##.........# .....
#.....#..##....## ....
#........#...### ....
##......###.###
#.......#.#...##
##.............#


You could see an orc warlord, Maurice, a hellwing (summoned), a chaos spawn
(summoned), a warg and an orc sorcerer (strong).

Vanquished Creatures
  4 hydras
  2 centaur warriors (D:11)
  2 two-headed ogres (D:10)
  A boulder beetle (D:11)
  3 death yaks
  Amaemon (Lair:3)
  2 skysharks
  A skeletal warrior (D:11)
  Pikel (D:8)
  An orc knight (D:11)
  An orc sorcerer (Orc:1)
  A wolf spider (Lair:5)
  An ugly thing (D:12)
  3 cyclopes
  A manticore (D:9)
  10 elephants
  An orange demon (Lair:3)
  A guardian serpent (Lair:5)
  6 black mambas
  20 cane toads
  Psyche (D:7)
  2 unseen horrors
  11 komodo dragons
  2 rime drakes
  3 trolls
  A queen bee (D:10)
  4 polar bears
  4 hornets
  23 blink frogs
  A dream sheep (Lair:5)
  6 slime creatures
  3 culicivoras (Lair:2)
  3 shadows
  13 wyverns
  A basilisk (D:11)
  57 yaks
  A wraith (D:11)
  2 redbacks (Lair:5)
  4 steam dragons
  2 wargs
  4 acid dragons
  14 water moccasins
  9 orc warriors
  A black bear (Lair:4)
  6 ice beasts
  2 ogres
  8 wolves
  14 centaurs
  3 phantoms
  Blork the orc (D:4)
  3 kobold brigands
  13 bullfrogs
  3 scorpions
  10 wights
  22 killer bees
  4 howler monkeys
  4 electric eels
  2 jellies
  3 gnoll boudas
  10 orc priests
  2 hounds
  A sleepcap (D:4)
  Jessica (D:3)
  2 iguanas
  14 orc wizards
  5 hell rats (Lair:3)
  15 gnolls
  5 adders
  A shadow imp (D:6)
  A white imp (D:8)
  2 worms (D:2)
  53 orcs
  7 endoplasms
  7 giant cockroaches
  9 goblins
  6 hobgoblins
  3 jackals (D:1)
  19 kobolds
  A quokka (D:1)
  6 ball pythons
  4 bats
  3 frilled lizards
  6 rats
516 creatures vanquished.

Vanquished Creatures (collateral kills)
  6 foxfires
6 creatures vanquished.

Vanquished Creatures (others)
  831 foxfires
831 creatures vanquished.

Grand Total: 1353 creatures vanquished

Notes
Turn   | Place    | Note
-------+----------+-------------------------------------------
     0 | D:1      | CrazyBamboolord the Djinni Fire Elementalist began the
                  | quest for the Orb.
     0 | D:1      | CrazyBamboolord set off with the following spells
                  | memorised: Foxfire, Scorch, Volatile Blastmotes, Inner
                  | Flame, Flame Wave.
     0 | D:1      | Reached XP level 1. HP: 15/15 MP: 0/0
    63 | D:1      | Reached XP level 2. HP: 13/21 MP: 0/0
   303 | D:1      | Reached XP level 3. HP: 22/25 MP: 0/0
   303 | D:1      | Learned a level 1 spell: Magic Dart
  1314 | D:2      | Reached XP level 4. HP: 12/31 MP: 0/0
  2313 | D:3      | You are sucked into a shaft and drop 3 floors!
  2316 | D:5      | Entered Level 5 of the Dungeon
  2324 | D:5      | Reached XP level 5. HP: 29/35 MP: 0/0
  2324 | D:5      | Learned a level 2 spell: Wereblood
  2352 | D:4      | Found a staircase to the Ecumenical Temple.
  2360 | D:4      | Noticed an ogre
  2378 | D:4      | Killed an ogre
  2379 | D:4      | Reached XP level 6. HP: 9/41 MP: 0/0
  2392 | Temple   | Entered the Ecumenical Temple
  2623 | D:3      | Found a hide-covered altar of Uskayaw.
  2623 | D:3      | Found a burning altar of Makhleb.
  2628 | D:3      | Became a worshipper of Makhleb the Destroyer
  2695 | D:3      | Found a glowing drain.
  2699 | Sewer    | Entered a sewer
  2935 | D:3      | Noticed Jessica
  2941 | D:3      | Killed Jessica
  3157 | D:3      | Reached * piety under Makhleb
  3659 | D:4      | Reached skill level 5 in Spellcasting
  3659 | D:4      | Reached skill level 5 in Conjurations
  3659 | D:4      | Reached skill level 5 in Hexes
  3659 | D:4      | Reached skill level 5 in Summonings
  3659 | D:4      | Reached skill level 5 in Necromancy
  3659 | D:4      | Reached skill level 5 in Translocations
  3659 | D:4      | Reached skill level 5 in Transmutations
  3659 | D:4      | Reached skill level 5 in Fire Magic
  3659 | D:4      | Reached skill level 5 in Ice Magic
  3659 | D:4      | Reached skill level 5 in Air Magic
  3659 | D:4      | Reached skill level 5 in Earth Magic
  3659 | D:4      | Reached skill level 5 in Poison Magic
  3659 | D:4      | Reached XP level 7. HP: 33/46 MP: 0/0
  3659 | D:4      | Learned a level 3 spell: Dazzling Flash
  3768 | D:4      | Found Vuogurghu's Armour Emporium.
  3772 | D:4      | Noticed Blork the orc
  3780 | D:4      | Killed Blork the orc
  3792 | D:4      | Bought a +0 cloak for 54 gold pieces
  4274 | D:5      | Reached XP level 8. HP: 50/51 MP: 0/0
  5426 | D:6      | Reached XP level 9. HP: 44/56 MP: 0/0
  5426 | D:6      | Learned a level 4 spell: Passage of Golubria
  5649 | D:6      | Reached ** piety under Makhleb
  6172 | D:7      | Found a runed translucent gate.
  6172 | D:7      | Found a runed translucent gate.
  6172 | D:7      | Found a runed translucent gate.
  6173 | D:7      | Found an opulent altar of Gozag.
  6174 | D:7      | Noticed niknal's ghost (novice TrWr)
  6176 | D:7      | Noticed a skeletal warrior
  6637 | D:7      | Reached skill level 1 in Fighting
  6716 | D:6      | Reached XP level 10. HP: 31/62 MP: 0/0
  6810 | D:8      | Reached *** piety under Makhleb
  6859 | D:8      | Found an ornate altar of the Wu Jian Council.
  6966 | D:8      | Noticed Psyche
  6967 | D:8      | Noticed Pikel
  7026 | D:8      | Killed Pikel
  7027 | D:8      | Reached skill level 5 in Dodging
  7027 | D:8      | Reached skill level 10 in Spellcasting
  7027 | D:8      | Reached skill level 10 in Conjurations
  7027 | D:8      | Reached skill level 10 in Hexes
  7027 | D:8      | Reached skill level 10 in Summonings
  7027 | D:8      | Reached skill level 10 in Necromancy
  7027 | D:8      | Reached skill level 10 in Translocations
  7027 | D:8      | Reached skill level 10 in Transmutations
  7027 | D:8      | Reached skill level 10 in Fire Magic
  7027 | D:8      | Reached skill level 10 in Ice Magic
  7027 | D:8      | Reached skill level 10 in Air Magic
  7027 | D:8      | Reached skill level 10 in Earth Magic
  7027 | D:8      | Reached skill level 10 in Poison Magic
  7085 | D:7      | Killed Psyche
  7187 | D:8      | Found Vepuoruo's Book Emporium.
  7680 | D:4      | Bought an orb of light for 192 gold pieces
  7773 | D:9      | Noticed a manticore
  7777 | D:9      | Noticed a rime drake
  7778 | D:9      | Killed a manticore
  7785 | D:9      | Killed a rime drake
  7786 | D:9      | Reached XP level 11. HP: 21/71 MP: 0/0
  7786 | D:9      | Learned a level 5 spell: Iskenderun's Battlesphere
  7842 | D:9      | Reached **** piety under Makhleb
  7899 | D:9      | Found a staircase to the Lair.
  8017 | D:9      | Identified the +2 leather armour of Piru {Fly rPois rF+
                  | rN+}
  8411 | D:9      | Identified the +0 dagger "Qus Nira" {heavy, Dex+4 Stlth+}
  8549 | D:10     | Entered Level 10 of the Dungeon
  8586 | D:10     | Noticed a two-headed ogre
  8592 | D:10     | Killed a two-headed ogre
  8688 | D:10     | Noticed a two-headed ogre
  8699 | D:10     | Killed a two-headed ogre
  8816 | D:10     | Reached XP level 12. HP: 74/78 MP: 0/0
  9254 | Lair:1   | Entered Level 1 of the Lair of Beasts
  9321 | Lair:1   | Reached ***** piety under Makhleb
 10161 | Lair:1   | Upgraded the game from 0.31-a0-600-g62dffe198b to
                  | 0.31-a0-614-gc85dc1c48c
 10229 | Lair:2   | Reached skill level 1 in Invocations
 10314 | Lair:2   | Reached XP level 13. HP: 50/85 MP: 0/0
 10314 | Lair:2   | Learned a level 5 spell: Lee's Rapid Deconstruction
 10575 | Lair:2   | Reached skill level 5 in Fighting
 10836 | Lair:2   | Found a staircase to the Swamp.
 11020 | Lair:2   | Found a hole to the Spider Nest.
 11115 | Lair:3   | Noticed Amaemon
 11182 | Lair:3   | Killed Amaemon
 11539 | Lair:3   | Noticed a seven-headed hydra
 11542 | Lair:3   | Killed a seven-headed hydra
 11733 | Lair:3   | Reached skill level 5 in Invocations
 12176 | Lair:4   | Reached ****** piety under Makhleb
 12230 | Lair:4   | Reached skill level 10 in Dodging
 12313 | Lair:4   | Reached XP level 14. HP: 96/96 MP: 0/0
 12958 | Lair:5   | Entered Level 5 of the Lair of Beasts
 13460 | Lair:5   | Identified the +7 battleaxe "Fobla" {drain, *Noise rN+ MP+9
                  | Int+4}
 13524 | Lair:5   | Found a viscous altar of Jiyva.
 13524 | Lair:5   | Found a staircase to the Slime Pits.
 14027 | Lair:5   | Identified the +7 mace of Yreiloq {flame, rElec SInv}
 14787 | D:11     | Found Qukad's Magic Scroll Shop.
 14795 | D:11     | Bought a scroll of butterflies for 52 gold pieces
 14795 | D:11     | Bought a scroll of teleportation for 39 gold pieces
 14992 | D:11     | Reached XP level 15. HP: 100/104 MP: 0/0
 14992 | D:11     | Learned a level 6 spell: Dispersal
 15732 | D:12     | Reached skill level 15 in Spellcasting
 15732 | D:12     | Reached skill level 15 in Conjurations
 15732 | D:12     | Reached skill level 15 in Hexes
 15732 | D:12     | Reached skill level 15 in Summonings
 15732 | D:12     | Reached skill level 15 in Necromancy
 15732 | D:12     | Reached skill level 15 in Translocations
 15732 | D:12     | Reached skill level 15 in Transmutations
 15732 | D:12     | Reached skill level 15 in Fire Magic
 15732 | D:12     | Reached skill level 15 in Ice Magic
 15732 | D:12     | Reached skill level 15 in Air Magic
 15732 | D:12     | Reached skill level 15 in Earth Magic
 15732 | D:12     | Reached skill level 15 in Poison Magic
 15969 | D:12     | Found a staircase to the Orcish Mines.
 16200 | Orc:1    | Entered Level 1 of the Orcish Mines
 16297 | Orc:1    | Noticed an orc warlord
 16309 | Orc:1    | Noticed Maurice
 16312 | Orc:1    | Mangled by an orc warlord

Illustrated notes

Levels and vault maps discovered:
D:1:      zelgadis_glass_arrival_small, layout_basic, nicolae_grassy_gnolls
D:2:      layout_loops_corners
D:3:      layout_loops_ring, gammafunk_temple_overflow_wave,
          gup_sewer_entry_bowl, uniq_jessica
D:4:      layout_cave_pools, minmay_temple_entry_stoned_glass, serial_shops,
          nicolae_shop_stone, uniq_blork_the_orc
D:5:      layout_cave_pods, nicolae_sif_muna_condensation
D:6:      layout_cave_pools, nicolae_eternal_life, serial_park_tiny_pond,
          kennysheep_generic_room_16
D:7:      layout_rooms, ebering_ghost_gozag
D:8:      layout_basic, lemuel_coloured_pillars_altar, serial_shops, shop,
          lightli_minifort, uniq_psyche, uniq_pikel
D:9:      layout_loops_ring, hellmonk_lair_entry_icy
D:10:     layout_long_grid, minivault_7
D:11:     layout_stronghold, serial_shops, shop, hangedman_decor_opposing,
          minmay_misc_feat_x, minmay_the_grid_2x2 [minmay_the_grid_armoury,
          minmay_the_grid_large_cup, minmay_the_grid_holed_spiral,
          minmay_the_grid_prize_inner_circle]
D:12:     layout_cave_pools, hiddenorc1_lemuel
Temple:   regret_index_temple_mists
Lair:1:   layout_cave_pods, grunt_megastairs_2, serial_bayou_shore_b
Lair:2:   layout_small_grid, swamp_mist, hellmonk_spider_entry_life_and_decay
Lair:3:   layout_loops_ring, serial_bayou_shore_b, uniq_amaemon
Lair:4:   layout_concentric_octagons, pdpol_lair_neglected_garden,
          beast_lair_carwin_5, lemuel_fruit_tree
Lair:5:   hangedman_lair_tendril_chambers, layout_gridlike,
          dpeg_slime_entry_enclosed, amcnicky_mini_pool_medium
Orc:1:    layout_caves, gammafunk_ghost_split, mines4_lemuel, uniq_maurice

Skill      XL: |  1  2  3  4  5  6  7  8  9 10 11 12 13 14 15 |
---------------+----------------------------------------------+-----
Spellcasting   | 4 5 6 7 9 10 12 13 14 15 | 15.0
Conjurations   | 4 5 6 7 9 10 12 13 14 15 | 15.0
Hexes          | 4 5 6 7 9 10 12 13 14 15 | 15.0
Summonings     | 4 5 6 7 9 10 12 13 14 15 | 15.0
Necromancy     | 4 5 6 7 9 10 12 13 14 15 | 15.0
Translocations | 4 5 6 7 9 10 12 13 14 15 | 15.0
Transmutations | 4 5 6 7 9 10 12 13 14 15 | 15.0
Fire Magic     | 4 5 6 7 9 10 12 13 14 15 | 15.0
Ice Magic      | 4 5 6 7 9 10 12 13 14 15 | 15.0
Air Magic      | 4 5 6 7 9 10 12 13 14 15 | 15.0
Earth Magic    | 4 5 6 7 9 10 12 13 14 15 | 15.0
Poison Magic   | 4 5 6 7 9 10 12 13 14 15 | 15.0
Stealth        | 2 3 4 |  4.3
Dodging        | 3 4 5 7 8 10 11 | 11.9
Fighting       | 1 3 4 7 8 9 |  9.4
Invocations    | 1 5 7 8 |  8.2

Action                     |  1- 3 |  4- 6 |  7- 9 | 10-12 | 13-15 || total
---------------------------+-------+-------+-------+-------+-------++-------
  Melee: Unarmed           |     2 |     8 |       |     6 |       ||    16
         Hand axe          |       |       |     1 |     5 |       ||     6
         Battleaxe         |       |       |       |       |     3 ||     3
   Cast: Foxfire           |    43 |   118 |   177 |   165 |    12 ||   515
         Scorch            |     5 |    15 |    64 |    81 |    23 ||   188
         Flame Wave        |       |       |     1 |    36 |    17 ||    54
         Inner Flame       |       |       |     1 |       |       ||     1
         Iskenderun's Batt |       |       |       |    29 |    32 ||    61
         Magic Dart        |       |       |       |    11 |    63 ||    74
         Lee's Rapid Decon |       |       |       |       |   251 ||   251
         Passage of Golubr |       |       |       |       |     1 ||     1
    Use: Scroll            |       |     4 |     6 |     4 |     2 ||    16
         Potion            |       |       |     2 |       |       ||     2
 Armour: Robe              |       |     4 |     4 |       |       ||     8
         Steam dragon scal |       |       |     7 |    18 |       ||    25
         Leather armour    |       |       |       |    13 |    40 ||    53
  Dodge: Dodged            |     6 |    26 |    44 |   108 |    79 ||   263
  Block: Other             |       |       |     4 |       |       ||     4
         Reflection        |       |       |     2 |       |       ||     2

Table legend: (Time is in decaauts)
 A = Elapsed time spent in this place.
 B = Non-inter-level travel time spent in this place.
 C = Inter-level travel time spent in this place.
 D = Time resting spent in this place.
 E = Time spent auto-exploring this place.
 F = Levels seen in this place.
 G = Mean time per level.
                   A        B        C        D        E       F      G
               +--------+--------+--------+--------+--------+-----+--------+
         Total |  16328 |  15560 |    768 |   1279 |  11314 |  20 |  816.4 |
       Dungeon |  10807 |  10286 |    521 |    922 |   7314 |  12 |  900.6 |
        Temple |    110 |    110 |      0 |    109 |      0 |   1 |  110.0 |
          Lair |   5086 |   4839 |    247 |    248 |   3743 |   5 | 1017.2 |
  Orcish Mines |    111 |    111 |      0 |      0 |     91 |   1 |  111.0 |
         Sewer |    211 |    211 |      0 |      0 |    166 |   1 |  211.0 |
               +--------+--------+--------+--------+--------+-----+--------+

Top non-repeatable levels by time:
    D:11: 1279 daAuts
     D:1: 1279 daAuts
  Lair:5: 1206 daAuts
     D:6: 1168 daAuts
  Lair:4: 1053 daAuts
     D:2: 1021 daAuts
  Lair:1: 976 daAuts
  Lair:2: 950 daAuts
     D:5: 928 daAuts
  Lair:3: 899 daAuts
     D:8: 855 daAuts
     D:3: 821 daAuts
     D:7: 771 daAuts
    D:10: 742 daAuts
     D:9: 725 daAuts
